 Dungeon Crawl Stone Soup version 0.18-a0-1078-gebb93d0 (webtiles) character file.

10209 tof the Fighter (level 11, -2/89 HPs)
             Began as a Demonspawn Fighter on Jan 14, 2016.
             Was the Champion of Ru.
             Succumbed to a soldier ant's poison
             ... on level 2 of the Lair of Beasts.
             The game lasted 00:47:15 (10812 turns).

tof the Fighter (Demonspawn Fighter)               Turns: 10812, Time: 00:47:15

Health: -2/89      AC: 12    Str: 19    XL:     11   Next: 33%
Magic:  11/11      EV:  9    Int:  9    God:    Ru [******]
Gold:   803        SH: 17    Dex: 16    Spells: 0 memorised, 10 levels left

rFire  + . .     SeeInvis .     O - +3 spear (freeze)
rCold  + + .     Gourm    .     F - +0 ring mail {rC+}
rNeg   . . .     Faith    .     c - +0 shield
rPois  .         Spirit   .     (no helmet)
rElec  .         Dismiss  .     C - +0 cloak
rCorr  .         Reflect  +     (no gloves)
SustAt .         Harm     .     (no boots)
MR     .....                    v - +6 amulet of reflection
Stlth  ..........               T - +5 ring of strength
                                e - ring of protection from cold

@: lethally poisoned (-2 -> -68), exhausted, drained, not resistant to hostile
enchantments, extremely unstealthy
A: claws 2, rough black scales 1, blink, blurry vision 1, demonic guardian 1,
fire resistance 1, powered by death 2, screaming 1, weak 1, no stealth,
inability to use devices, unskilled 1, inexperienced 1
a: Blink, Draw Out Power, Power Leap, Apocalypse, Renounce Religion


You were on level 2 of the Lair of Beasts.
You worshipped Ru.
Ru was exalted by your worship.
You were hungry.

You visited 2 branches of the dungeon, and saw 12 of its levels.

You collected 803 gold pieces.

Inventory:

Hand Weapons
 a - a +0 trident
 y - a +0 trident of venom
 O - a +3 spear of freezing (weapon)
Armour
 c - a +0 shield (worn)
 j - a +1 leather armour of cold resistance
 C - a +0 cloak (worn)
 F - a +0 ring mail of cold resistance (worn)
Jewellery
 e - a ring of protection from cold (left claw)
 v - a +6 amulet of reflection (around neck)
 K - an uncursed amulet of guardian spirit
 S - an uncursed ring of teleportation
 T - a +5 ring of strength (right claw)
Scrolls
 i - 11 scrolls of identify
 l - 2 scrolls of enchant weapon {unknown}
 n - 4 scrolls of teleportation
 r - 3 scrolls of immolation {unknown}
 s - 3 scrolls of remove curse
 w - 4 scrolls of noise {unknown}
 B - a scroll of fear {unknown}
 D - 4 scrolls of enchant armour {unknown}
 E - a scroll of amnesia {unknown}
 H - a scroll of fog {unknown}
 N - 2 scrolls of blinking {unknown}
 R - a scroll of acquirement {unknown}
Potions
 b - 2 potions of cancellation
 d - 2 potions of might
 t - a potion of agility {unknown}
 u - a potion of flight
 z - 2 potions of lignification
 A - a potion of curing
 G - a potion of magic
 M - a potion of heal wounds {unknown}
 Q - 2 potions of brilliance
Books
 h - a book of Hinderance

   Spells                             Type                      Level
   a - Confusing Touch                Hexes                        2
   b - Confuse                        Hexes                        3
   c - Gell's Gravitas                Hexes/Translocation          3
   d - Petrify                        Transmutation/Earth          4
   e - Metabolic Englaciation         Hexes/Ice                    5
   f - Yara's Violent Unravelling     Hexes/Transmutation          5
 q - a book of Changes

   Spells                             Type                      Level
   a - Beastly Appendage              Transmutation                1
   b - Sticks to Snakes               Transmutation                2
   c - Spider Form                    Transmutation/Poison         3
   d - Ice Form                       Ice/Transmutation            4
   e - Blade Hands                    Transmutation                5
 x - a book of Death

   Spells                             Type                      Level
   a - Corpse Rot                     Necromancy                   2
   b - Sublimation of Blood           Necromancy                   2
   c - Agony                          Necromancy                   5
   d - Dispel Undead                  Necromancy                   5
   e - Excruciating Wounds            Charms/Necromancy            5
   f - Bolt of Draining               Conjuration/Necromancy       5
Comestibles
 f - 11 bread rations
 g - 12 royal jellies
 k - 13 fruits
 o - 2 beef jerkies
 p - 5 meat rations


   Skills:
 + Level 9.3(8.9) Fighting
 + Level 8.2(7.8) Polearms
 + Level 8.2(7.8) Armour
 - Level 0.8(0.5) Dodging
 + Level 8.7(8.3) Shields


You had 10 spell levels left.
You didn't know any spells.

Dungeon Overview and Level Annotations

Branches:
Dungeon (10/15)            Temple (0/1) D:6            Lair (2/8) D:10
    Orc (0/2) D:9

Altars:
Cheibriados
Dithmenos
Okawaru
Qazlal
Ru
Sif Muna
Trog
Vehumet
Yredelemnul
Zin

Shops:
D:4 [


Innate Abilities, Weirdness & Mutations

You have very sharp fingernails.
You are partially covered in rough black scales (AC +4, Dex -1).
A weak demonic guardian rushes to your aid.
You regenerate health from kills.
You cannot be stealthy.
You cannot study or use magical devices.
You are somewhat unskilled (-1 Apt).
You are somewhat inexperienced (-2 XL).
You can translocate small distances at will.
Scrolls take you a little longer to read.
Your flesh is heat resistant.
You occasionally shout uncontrollably at your foes.
You are weak. (Str -2)


Message History

You hit the queen ant. You freeze the queen ant.
The queen ant is lightly wounded.
* * * LOW HITPOINT WARNING * * *
You feel very sick. The soldier ant stings you.
* * * LOW HITPOINT WARNING * * *
You are more poisoned.
The soldier ant poisons you!
You focus your will and blind the soldier ant in retribution!
The queen ant closely misses you.
You're too exhausted to unleash your apocalyptic power.
* * * LOW HITPOINT WARNING * * *
You feel very sick.
The queen ant stings you but does no damage.
* * * LOW HITPOINT WARNING * * *
You feel very sick.
* * * LOW HITPOINT WARNING * * *
You feel very sick.
Your iron imp hits the soldier ant!
You die...

.# . #.#... #P...#
.. ..... #....# ...#
##...# .a# ##...###
##†# ###......# #..#
#.#.....P#
###.##aa####......##
#.....5.a.##......#
#.........@.......#
...######.##†......#
.. ######.....#
###.#.# ##.## ###


You could see a queen ant, 2 soldier ants and a friendly iron imp.

Vanquished Creatures
  An ogre mage (D:10)
  Pikel (D:4)
  A cyclops (D:10)
  A spiny frog (Lair:2)
  4 komodo dragons (Lair:1)
  3 trolls
  Edmund (D:4)
  5 yaks (D:10)
  A wyvern (D:8)
  A basilisk (Lair:2)
  2 hungry ghosts
  3 hippogriffs
  2 water moccasins
  15 soldier ants
  The ghost of yogakurto the Vexing, an amateur VSAM of Vehumet (D:3)
  2 orc warriors
  2 porcupines (Lair:1)
  A black bear (D:8)
  3 sky beasts
  2 ice beasts
  2 ogres
  2 centaurs (D:9)
  2 crocodiles (Lair:1)
  6 big kobolds
  Blork the orc (D:5)
  6 giant frogs
  A gnoll sergeant (D:5)
  4 scorpions
  A wyvern skeleton (D:10)
  6 killer bees
  6 wights
  6 crimson imps
  A giant frog zombie (D:5)
  A quasit (D:6)
  4 jellies
  2 hounds
  8 orc priests
  9 orc wizards
  7 iguanas
  23 worker ants
  6 sheep (Lair:2)
  A hound zombie (D:10)
  3 hound skeletons
  Robin (D:4)
  3 worker ant zombies
  13 adders
  7 gnolls
  5 river rats (Lair:1)
  A shadow imp (D:7)
  3 oozes
  An adder skeleton (D:8)
  3 worms
  7 giant geckos
  23 orcs
  3 ball pythons
  8 bats
  3 giant cockroaches
  18 goblins
  10 hobgoblins
  12 jackals
  2 quokkas
  8 giant newts
  A jackal skeleton (D:4)
  16 kobolds
  A quokka zombie (D:7)
  8 rats
  A spectral orc (D:7)
318 creatures vanquished.

Vanquished Creatures (collateral kills)
  A troll (D:10)
  Menkaure (D:5)
  A water moccasin (D:8)
  2 orc warriors
  A centaur (D:7)
  A giant frog (D:8)
  A scorpion (D:7)
  A water moccasin skeleton (D:7)
  A wight (D:6)
  An orc priest (D:8)
  A giant frog skeleton (D:6)
  2 orcs (D:8)
14 creatures vanquished.

Vanquished Creatures (others)
  A hill giant (D:10)
  A spiny frog (Lair:1)
  A two-headed ogre (D:9)
  A basilisk (Lair:1)
  A slave (D:4)
  A giant frog skeleton (D:8)
  An adder (D:4)
  A river rat (Lair:1)
  2 orcs (D:10)
  A kobold (D:7)
11 creatures vanquished.

Grand Total: 343 creatures vanquished

Notes
Turn   | Place    | Note
--------------------------------------------------------------
     0 | D:1      | tof the Demonspawn Fighter began the quest for the Orb.
     0 | D:1      | Reached XP level 1. HP: 18/18 MP: 1/1
   297 | D:1      | Gained mutation: You regenerate a little health from kills. [demonic ancestry]
   297 | D:1      | Reached XP level 2. HP: 24/24 MP: 2/2
   402 | D:1      | Reached skill level 1 in Dodging
   402 | D:1      | Reached XP level 3. HP: 19/29 MP: 3/3
   835 | D:2      | Found a faded altar to an unknown god.
  1673 | D:3      | Reached XP level 4. HP: 33/35 MP: 4/4
  1746 | D:3      | Found a sacrificial altar of Ru.
  1754 | D:3      | Became a worshipper of Ru the Awakened
  1815 | D:3      | Noticed yogakurto's ghost (amateur VSAM)
  1834 | D:3      | Killed yogakurto's ghost
  1834 | D:3      | Gained mutation: A weak demonic guardian rushes to your aid. [demonic ancestry]
  1834 | D:3      | Reached XP level 5. HP: 15/42 MP: 5/5
  2434 | D:3      | Reached skill level 4 in Fighting
  2562 | D:4      | Noticed Robin
  2576 | D:4      | Killed Robin
  2789 | D:4      | Noticed a slave
  2791 | D:4      | Noticed a slave
  2791 | D:4      | Noticed a slave
  2792 | D:4      | Noticed Pikel
  2793 | D:4      | Noticed a slave
  2815 | D:4      | Killed Pikel
  2815 | D:4      | Gained mutation: You are partially covered in rough black scales (AC +4, Dex -1). [demonic ancestry]
  2815 | D:4      | Reached XP level 6. HP: 9/50 MP: 6/6
  2815 | D:4      | Gained mutation: You regenerate health from kills. [demonic ancestry]
  2815 | D:4      | Reached XP level 7. HP: 9/55 MP: 7/7
  2947 | D:4      | Noticed Edmund
  2961 | D:4      | Killed Edmund
  2961 | D:4      | Reached skill level 5 in Fighting
  3008 | D:4      | Found Ziaxegh's Armour Emporium.
  3140 | D:4      | Reached skill level 5 in Shields
  3184 | D:4      | Gained mutation: You cannot be stealthy. [Ru sacrifice]
  3439 | D:5      | Entered Level 5 of the Dungeon
  3532 | D:5      | Gained mutation: You have sharp fingernails. [demonic ancestry]
  3532 | D:5      | Reached XP level 8. HP: 63/63 MP: 8/8
  3635 | D:5      | Reached skill level 5 in Armour
  3909 | D:5      | Noticed Blork the orc
  3909 | D:5      | Noticed Menkaure
  3915 | D:5      | Killed Menkaure
  3915 | D:5      | Reached skill level 6 in Fighting
  3950 | D:5      | Killed Blork the orc
  4439 | D:6      | Reached skill level 5 in Polearms
  4460 | D:6      | Found an iron altar of Okawaru.
  4696 | D:6      | Found a staircase to the Ecumenical Temple.
  4717 | D:6      | Gained mutation: You have very sharp fingernails. [demonic ancestry]
  4717 | D:6      | Reached XP level 9. HP: 67/71 MP: 9/9
  4836 | D:6      | Gained mutation: You are somewhat unskilled (-1 Apt). [Ru sacrifice]
  4836 | D:6      | Reduced skill Shields to level 5
  4836 | D:6      | Reached * piety under Ru
  4836 | D:6      | Reached ** piety under Ru
  4982 | D:7      | Reached skill level 5 in Polearms
  5049 | D:7      | You fall through a shaft for 2 floors!
  5101 | D:9      | Found a staircase to the Orcish Mines.
  5846 | D:7      | Found a glowing silver altar of Zin.
  5906 | D:7      | Reached skill level 7 in Fighting
  6122 | D:7      | Found a basalt altar of Yredelemnul.
  6351 | D:8      | Reached XP level 10. HP: 61/79 MP: 10/10
  6756 | D:8      | Gained mutation: You are somewhat inexperienced (-2 XL). [Ru sacrifice]
  6756 | D:8      | Reached XP level 9. HP: 72/72 MP: 9/9
  6756 | D:8      | Reached XP level 8. HP: 67/67 MP: 8/8
  6756 | D:8      | Reached *** piety under Ru
  6843 | D:8      | Noticed a troll
  6855 | D:8      | Killed a troll
  7053 | D:8      | Found a bloodstained altar of Trog.
  7055 | D:8      | Found a shadowy altar of Dithmenos.
  7055 | D:8      | Found a radiant altar of Vehumet.
  7413 | D:9      | Noticed a two-headed ogre
  7425 | D:9      | Killed a two-headed ogre
  7425 | D:9      | Reached XP level 9. HP: 53/72 MP: 9/9
  7509 | D:9      | Found a snail-covered altar of Cheibriados.
  7616 | D:9      | Found a deep blue altar of Sif Muna.
  7756 | D:9      | Found an iron altar of Okawaru.
  7768 | D:9      | Found a stormy altar of Qazlal.
  7921 | D:9      | Gained mutation: You are weak. (Str -2) [mutagenic meat]
  7922 | D:9      | Gained mutation: You occasionally shout uncontrollably at your foes. [mutagenic meat]
  7923 | D:9      | Gained mutation: Your body sometimes deteriorates upon taking damage. [mutagenic meat]
  7924 | D:9      | Gained mutation: Your flesh is heat resistant. [mutagenic meat]
  7925 | D:9      | Gained mutation: You are somewhat resistant to further mutation. [mutagenic meat]
  7965 | D:9      | Lost mutation: You are weak. (Str -2) [potion of cure mutation]
  7965 | D:9      | Lost mutation: Your body sometimes deteriorates upon taking damage. [potion of cure mutation]
  7965 | D:9      | Lost mutation: You are somewhat resistant to further mutation. [potion of cure mutation]
  7971 | D:10     | Entered Level 10 of the Dungeon
  8011 | D:10     | Noticed a troll
  8058 | D:10     | Killed a troll
  8133 | D:10     | Gained mutation: You can translocate small distances at will. [potion of mutation]
  8133 | D:10     | Gained mutation: Scrolls take you a little longer to read. [potion of mutation]
  8133 | D:10     | Gained mutation: You are weak. (Str -2) [potion of mutation]
  8263 | D:10     | Reached skill level 8 in Fighting
  8299 | D:10     | Noticed a hill giant
  8764 | D:10     | Found a staircase to the Lair.
  8915 | D:10     | Killed a hill giant
  8915 | D:10     | Reached XP level 10. HP: 33/80 MP: 10/10
  9003 | D:10     | Gained mutation: You cannot study or use magical devices. [Ru sacrifice]
  9003 | D:10     | Reached **** piety under Ru
  9003 | D:10     | Reached ***** piety under Ru
  9003 | D:10     | Reached ****** piety under Ru
  9014 | D:10     | Noticed an ogre mage
  9037 | D:10     | Killed an ogre mage
  9153 | D:10     | Noticed a cyclops
  9172 | D:10     | Killed a cyclops
  9432 | Lair:1   | Entered Level 1 of the Lair of Beasts
 10005 | Lair:1   | Reached XP level 11. HP: 78/87 MP: 11/11
 10132 | Lair:1   | Reached skill level 9 in Fighting
 10291 | Lair:1   | HP: 4/89 [poisoned by a soldier ant]
 10782 | Lair:2   | Noticed a queen ant
 10811 | Lair:2   | HP: 2/89 [poisoned by a soldier ant]
 10812 | Lair:2   | Succumbed to a soldier ant's poison

Vault maps used:
D:1:      matt_arrival_diagonals
D:2:      ecumenical_altar_1
D:3:      first_bread, minmay_statues_item, nicolae_ru_awakened_eye
D:4:      serial_shops, shop, uniq_robin, uniq_edmund, uniq_pikel
D:5:      uniq_blork_the_orc, uniq_menkaure
D:6:      temple_statues, basic_altar, grunt_ministairs_9
D:7:      old_forge, old_standard_altar, yredelemnul_forgotten_temple_becter
D:8:      gammafunk_temple_overflow_forgotten, special_room
D:9:      cheibrodos_worm_habitat, amethyst_overflow_temple_binary, basic_altar,
          hangedman_pestilent_swarm
D:10:     minmay_imperfect_grid
Lair:2:   minivault_29, lemuel_fruit_fields, serial_bayou_shore_a

Action                   |  1- 3 |  4- 6 |  7- 9 | 10-12 || total
-------------------------+-------+-------+-------+-------++-------
Melee: Trident           |   187 |   139 |   219 |       ||   545
       Spear             |       |       |   871 |   680 ||  1551
       Unarmed           |       |       |    16 |       ||    16
Invok: Sacrifice Stealth |       |       |     1 |       ||     1
       Sacrifice Experie |       |       |     1 |       ||     1
       Sacrifice Skill   |       |       |     1 |       ||     1
       Sacrifice Artific |       |       |       |     1 ||     1
       Draw Out Power    |       |       |       |     2 ||     2
 Abil: Blink             |       |       |     1 |       ||     1
  Use: Scroll            |       |       |     5 |     2 ||     7
       Potion            |       |       |    16 |       ||    16
 Stab: Distracted        |       |       |     7 |     5 ||    12
       Invisible         |       |       |     2 |     2 ||     4
       Paralysed         |       |       |       |    10 ||    10
  Eat: Chunk             |     3 |     4 |    21 |     9 ||    37
       Beef jerky        |       |       |     3 |       ||     3
       Royal jelly       |       |       |     1 |       ||     1
       Pizza             |       |       |     1 |       ||     1
